 Dungeon Crawl Stone Soup version 0.31-a0-459-gc8a9bf3d51 (webtiles) character file.

Game seed: 15166389238410443796

42 Ethylacetat the Insei (level 3, -4/20 HPs)
             Began as a Vine Stalker Monk on Aug 4, 2023.
             Killed from afar by Jessica (8 damage)
             ... with a puff of flame
             ... on level 2 of the Dungeon.
             The game lasted 00:01:21 (878 turns).

Ethylacetat the Insei (Vine Stalker Monk)            Turns: 878, Time: 00:01:21

Health: -4/20      AC:  2    Str: 13    XL:     3   Next: 56%
Magic:  0/5        EV: 13    Int: 10    God:
Gold:   45         SH:  0    Dex: 18    Spells: 4/4 levels left

rFire   . .          .
                       - Unarmed
rCold   . . .        c - orb {light}
rNeg    . . .        a - +0 robe
rPois   .            (no helmet)
rElec   .            (no cloak)
rCorr   .            (no gloves)
SInv    .            (no boots)
Will    .....        (no amulet)
Stlth   +            (no ring)
HPRegen 0.23/turn    (no ring)
MPRegen 0.09/turn

%: guardian spirit
@: glowing
A: fangs 2, magic shield, antimagic bite, no potion heal 2
a: no special abilities


You were on level 2 of the Dungeon.
You visited 1 branch of the dungeon, and saw 2 of its levels.

You collected 45 gold pieces.

Inventory:

Armour
 a - a +0 robe (worn)
 c - an orb of light (worn)
Jewellery
 g - a ring of magical power
Potions
 b - 3 potions of ambrosia
 d - a potion of haste {unknown}
 e - a potion of lignification {unknown}
 f - a potion of might {unknown}


   Skills:
 + Level 3.0 Fighting
 - Level 2.4 Dodging
 * Level 3.8 Unarmed Combat
 + Level 1.2 Spellcasting


You had 4 spell levels left.
You didn't know any spells.
Your spell library contained the following spells:

 Spells                   Type           Power      Damage    Failure   Level
 Necrotise                Necr           0%         1d4       34%         1
 Vampiric Draining        Necr           0%         2d6       71%         3
 Agony                    Necr           0%         N/A       100%        5


Dungeon Overview and Level Annotations

Branches:
Dungeon (2/15)

Altars:

Annotations:
D:2 Jessica


Innate Abilities, Weirdness & Mutations

You have extremely sharp teeth.
When hurt, damage is shared between your health and your magic reserves.
Your bite disrupts and absorbs the magic of your enemies.
Potions cannot restore your health.


Message History

The adder is lightly wounded.
The adder bites you.
You are poisoned.
The adder poisons you! The adder closely misses you.
You hit the adder.
The adder is heavily wounded.
You feel sick. The adder bites you.
Okay, then.
You hit the adder.
The adder is almost dead.
You feel sick. Jessica hits you with a +0 club. The adder closely misses you.
You barely miss the adder.
The adder is almost dead.
You feel sick. The adder barely misses you. Jessica barely misses you.
You closely miss the adder.
The adder is almost dead.
You feel sick. The adder barely misses you.
Jessica zaps a wand.
The puff of flame hits you!
* * * LOW HITPOINT WARNING * * *
The adder bites you.
You barely miss the adder.
The adder is almost dead.
You feel sick. Jessica barely misses you. The adder closely misses you.
You closely miss the adder. You bite the adder.
You kill the adder!
You feel sick.
Jessica gestures wildly while chanting.
Jessica seems to speed up.
You barely miss Jessica.
You feel sick.
You are no longer poisoned.
Jessica gestures wildly while chanting.
Jessica blinks!
A quokka comes into view.
Jessica gestures at you while chanting. You resist with some effort.
You completely miss Jessica. Jessica closely misses you.
You hit Jessica.
Jessica is lightly wounded.
Jessica zaps a wand.
The puff of flame hits you!
You die...

#. #.### #... #..#
#..# ###..########
..####...........#
..........<....).#
###@@....†....#
#.!####.....# #..#
.....# #r...
.#.### ...### .#.#
##..# .# # #..# .#
#..) .# #...


You could see Jessica (fast) and a quokka.

Vanquished Creatures
  An adder (D:2)
  A ball python (D:1)
  3 bats
  3 endoplasms (D:1)
  2 giant cockroaches (D:1)
  7 goblins (D:1)
  A hobgoblin (D:1)
  4 kobolds (D:1)
  2 quokkas (D:1)
  6 frilled lizards (D:1)
  A rat (D:1)
31 creatures vanquished.

Notes
Turn   | Place    | Note
-------+----------+-------------------------------------------
     0 | D:1      | Ethylacetat the Vine Stalker Monk began the quest for the
                  | Orb.
     0 | D:1      | Reached XP level 1. HP: 11/11 MP: 2/2
    94 | D:1      | Reached XP level 2. HP: 13/16 MP: 3/3
   270 | D:1      | Reached skill level 1 in Spellcasting
   287 | D:1      | Reached XP level 3. HP: 11/20 MP: 5/5
   863 | D:2      | Noticed Jessica
   878 | D:2      | Killed from afar by Jessica

Illustrated notes

Levels and vault maps discovered:
D:1:      spicycebolla_arrival_ecumenical, layout_loops_ring, minmay_ruptured
D:2:      layout_loops_ring, uniq_jessica

Skill      XL: |  1  2 |
---------------+-------+-----
Spellcasting   | 1 |  1.2
Fighting       | 3 |  3.0
Dodging        | |  2.4
Unarmed Combat | |  3.8

Action                     || total
---------------------------++-------
  Melee: Unarmed           ||    67
         Bite              ||    19
 Armour: Robe              ||     7
  Dodge: Dodged            ||    43

Table legend: (Time is in decaauts)
 A = Elapsed time spent in this place.
 B = Non-inter-level travel time spent in this place.
 C = Inter-level travel time spent in this place.
 D = Time resting spent in this place.
 E = Time spent auto-exploring this place.
 F = Levels seen in this place.
 G = Mean time per level.
                   A        B        C        D        E       F      G
               +--------+--------+--------+--------+--------+-----+--------+
         Total |    873 |    845 |     28 |      0 |    697 |   2 |  436.5 |
       Dungeon |    873 |    845 |     28 |      0 |    697 |   2 |  436.5 |
               +--------+--------+--------+--------+--------+-----+--------+

Top non-repeatable levels by time:
     D:1: 854 daAuts
     D:2: 19 daAuts
